Map: Ley Lines

Players

Vaisravana - Winner!

  • Race: Zerg Zerg
  • Spawn Location: 7:00

A.I. 2 (Very Easy)

  • Race: Protoss Protoss
  • Spawn Location: 1:00

VOD

Have the link to the VOD?

Description

Time

  • Played on: June 4, 2025, 2:03 p.m.
  • Length: 10:36
Show
View Real Time Build Order
Export as new Build Order

Vaisravana Zerg - Winner!

Build Orders: Pool First, Lurkers, Roach Hydra 

Get SALT Encoding   

  12  0:00  Drone  
  13  0:12  Overlord  
  13  0:17  Drone  
  14  0:30  Drone x2  
  16  0:40  Spawning Pool  
  15  0:44  Drone  
  15  0:47  Drone  
  17  1:08  Hatchery  
  17  1:11  Drone  
  17  1:14  Extractor  
  16  1:27  Zergling x2  
  16  1:28  Zergling x4  
  19  1:33  Queen  
  19  1:39  Drone  
  22  1:49  Overlord  
  22  2:08  Drone  
  22  2:09  Queen  
  22  2:11  Drone  
  26  2:22  Drone x2  
  28  2:30  Queen  
  28  2:36  Drone  
  28  2:37  Drone  
  32  2:45  Lair  
  32  2:46  Drone  
  32  2:48  Drone  
  33  2:55  Overlord  
  33  3:00  Drone  
  33  3:01  Extractor  
  33  3:03  Drone x2  
  35  3:16  Drone x2  
  35  3:18  Drone  
  35  3:19  Drone x3  
  41  3:21  Drone  
  41  3:25  Drone  
  43  3:31  Roach Warren  
  42  3:40  Drone, Overlord  
  43  3:43  Overseer  
  43  3:50  Extractor  
  43  3:52  Spore Crawler  
  43  3:54  Drone x2  
  43  3:57  Overlord  
  43  4:01  Drone x3  
  46  4:03  Drone x2  
  46  4:07  Drone  
  49  4:13  Glial Reconstitution  
  49  4:21  Roach x4  
  49  4:23  Overlord  
  56  4:30  Roach x2  
  60  4:34  Overlord  
  60  4:42  Drone  
  60  4:43  Hatchery  
  60  4:49  Roach x2  
  64  4:59  Roach x4  
  72  5:05  Evolution Chamber  
  72  5:06  Evolution Chamber  
  70  5:09  Evolution Chamber  
  70  5:11  Roach x2  
  70  5:14  Roach  
  75  5:17  Overlord  
  76  5:36  Overlord  
  76  5:38  Roach x4  
  76  5:40  Overlord  
  84  5:48  Zerg Missile Weapons Level 1  
  84  5:54  Hydralisk Den  
  84  5:55  Infestation Pit  
  84  5:56  Drone x7  
  89  6:04  Drone  
  89  6:05  Drone  
  91  6:15  Extractor  
  91  6:16  Drone  
  91  6:18  Drone  
  91  6:19  Drone x7  
  99  6:27  Overlord x2  
  99  6:32  Hive  
  99  6:37  Lurker Den  
  98  6:45  Drone x3, Grooved Spines  
  98  6:46  Drone x3  
  104  6:51  Drone x5  
  109  6:58  Hydralisk x2  
  109  7:01  Hydralisk x2  
  113  7:04  Overlord  
  117  7:11  Drone x3, Extractor  
  117  7:12  Extractor  
  117  7:13  Drone x3  
  121  7:16  Spore Crawler  
  121  7:17  Hydralisk  
  121  7:22  Overlord x2  
  122  7:40  Hydralisk x3  
  128  7:45  Seismic Spines  
  128  7:47  Muscular Augments  
  128  7:50  Lurker  
  128  7:51  Lurker x4  
  133  7:54  Overlord x2  
  133  7:55  Overlord x2  
  133  7:58  Overseer  
  133  8:01  Hatchery  
  133  8:02  Zerg Missile Weapons Level 2  
  132  8:20  Lurker x2  
  132  8:21  Hydralisk x2  
  132  8:26  Drone x11  
  132  8:27  Drone x2  
  151  8:31  Hydralisk x3  
  157  8:43  Lurker  
  157  8:47  Lurker  
  159  8:49  Lurker  
  159  8:53  Overlord  
  159  8:54  Overlord  
  160  8:56  Extractor  
  160  8:57  Extractor  
  158  9:05  Zergling x12  
  158  9:06  Zergling x18  
  173  9:21  Hydralisk  
  173  9:22  Hydralisk x7  
  189  9:25  Adaptive Talons  
  189  9:42  Drone x2  
  189  9:43  Drone x2  
  193  9:51  Hatchery  
Show
View Real Time Build Order
Export as new Build Order

A.I. 2 (Very Easy) Protoss 

Build Orders: 1 Gate Expand, Nexus First 

Get SALT Encoding   

  12  0:00  Probe  
  13  0:13  Probe  
  14  0:19  Pylon  
  14  0:42  Gateway  
  14  1:01  Nexus  
  14  1:18  Pylon  
  14  1:23  Zealot  
  14  1:24  Assimilator  
  16  1:36  Cybernetics Core, Probe  
  17  1:49  Probe  
  18  1:59  Assimilator, Probe  
  18  2:07  Probe  
  19  2:10  Stalker  
  19  2:14  Probe  
  23  2:23  Probe  
  23  2:27  Probe  
  22  2:33  Warp Gate  
  23  2:38  Probe  
  23  2:40  Zealot  
  26  2:56  Probe  
  26  2:57  Assimilator  
  27  3:00  Pylon  
  27  3:03  Probe  
  28  3:08  Probe  
  29  3:17  Robotics Facility  
  29  3:18  Probe  
  30  3:25  Probe  
  30  3:33  Probe  
  32  3:43  Probe  
  32  3:46  Probe  
  33  3:49  Zealot  
  36  3:57  Probe  
  37  4:04  Observer  
  37  4:05  Probe  
  39  4:11  Probe  
  39  4:19  Probe  
  39  4:22  Observer, Probe  
  39  4:27  Assimilator  
  40  4:33  Probe  
  41  4:40  Probe  
  42  4:48  Probe  
  43  4:55  Probe  
  44  5:02  Probe  
  44  5:06  Sentry  
  47  5:07  Pylon  
  47  5:10  Probe  
  47  5:13  Probe  
  48  5:20  Probe  
  42  6:22  Zealot  
  42  7:38  Zealot  
  44  8:54  Zealot  
  46  9:23  Observer  
  42  9:40  Probe  
  32  9:49  Pylon  
  28  9:52  Probe  
Tags
 
Add a new tag
Caveats
  • Supply blocks, unpowered buildings, or Contaminate may cause inaccurate times.
  • Supply counts are checked every 10 seconds.